 Dungeon Crawl Stone Soup version 0.28.0-53-g5a82cb258f (webtiles) character file.

Game seed: 7804503806529439064

7 MisterFreud the Covert (level 2, 0/29 HPs)
             Began as a Gnoll Delver on June 19, 2022.
             Slain by a black bear (3 damage)
             ... on level 6 of the Dungeon.
             The game lasted 00:00:18 (24 turns).

MisterFreud the Covert (Gnoll Delver)                 Turns: 24, Time: 00:00:19

Health: 0/29       AC:  3    Str: 11    XL:     2   Next: 4%
Magic:  2/2        EV: 13    Int:  9    God:
Gold:   0          SH:  0    Dex: 13    Spells: 1/1 levels left

rFire   . . .      SeeInvis .   a - +0 short sword
rCold   . . .      Faith    .   (no shield)
rNeg    . . .      Spirit   .   b - +0 leather armour
rPois   .          Reflect  .   (no helmet)
rElec   .          Harm     .   (no cloak)
rCorr   .          Rampage  .   (no gloves)
Will    .....                   (no boots)
Stlth   ++++......              (no amulet)
HPRegen 0.09/turn               (no ring)
MPRegen 0.08/turn               (no ring)

@: hasted, very quick
A: fangs 1, strong nose, distributed training
a: no special abilities


You were on level 6 of the Dungeon.
You visited 1 branch of the dungeon, and saw 2 of its levels.

Inventory:

Hand Weapons
 a - a +0 short sword (weapon)
Armour
 b - a +0 leather armour (worn)
Wands
 g - a wand of digging (3)
Scrolls
 c - a scroll of fog
 e - a scroll of fear


   Skills:
 + Level 6.4 Fighting
 + Level 4.4 Short Blades
 + Level 0.2 Long Blades
 + Level 0.2 Axes
 + Level 0.2 Maces & Flails
 + Level 0.2 Polearms
 + Level 0.2 Staves
 + Level 0.2 Slings
 + Level 0.2 Bows
 + Level 0.2 Crossbows
 + Level 0.2 Throwing
 + Level 0.2 Armour
 + Level 4.4 Dodging
 + Level 9.5 Stealth
 + Level 0.2 Shields
 + Level 0.2 Unarmed Combat
 + Level 0.2 Spellcasting
 + Level 0.1 Conjurations
 + Level 0.1 Hexes
 + Level 0.1 Summonings
 + Level 0.1 Necromancy
 + Level 0.1 Translocations
 + Level 0.1 Transmutations
 + Level 0.1 Fire Magic
 + Level 0.1 Ice Magic
 + Level 0.1 Air Magic
 + Level 0.1 Earth Magic
 + Level 0.1 Poison Magic
 + Level 0.3 Invocations
 + Level 0.2 Evocations


You had one spell level left.
You didn't know any spells.
Your spell library was empty.

Dungeon Overview and Level Annotations

Branches:
Dungeon (6/15)
 Temple: D:4-7

Altars:


Innate Abilities, Weirdness & Mutations

You have very sharp teeth.
Your uncanny sense of smell can sniff out nearby items.
Your experience applies equally to all skills.


Message History

As you read the scroll of magic mapping, it crumbles to dust.
You feel aware of your surroundings.
You sensed 1 shop/portal.
A white imp comes into view.
The helpless white imp fails to defend itself.
You spit the white imp like a pig!!!
You kill the white imp!
You have reached level 2!
Unknown command.
Unknown command.
A black bear comes into view.
The black bear growls angrily.
The black bear barely misses you. The black bear claws you. x2
You barely miss the black bear. The black bear closely misses you.
The black bear claws you.
The black bear claws you but does no damage.
You hit the black bear. Your bite misses the black bear.
The black bear is lightly wounded.
The black bear bites you. The black bear claws you.
The black bear barely misses you.
Okay, then.
You feel yourself speed up. The black bear closely misses you.
The black bear claws you. The black bear barely misses you.
You hit the black bear. Your bite misses the black bear.
The black bear is moderately wounded.
You hit the black bear.
The black bear is moderately wounded.
The black bear bites you. The black bear closely misses you.
The black bear misses you.
You hit the black bear.
The black bear is moderately wounded.
The black bear bites you!
* * * LOW HITPOINT WARNING * * *
The black bear closely misses you. The black bear claws you.
* * * LOW HITPOINT WARNING * * *
You barely miss the black bear.
The black bear is moderately wounded.
You hit the black bear.
The black bear is severely wounded.
The black bear barely misses you. The black bear claws you.
You die...

*,*,,,,,,***,,,,,,..#
*,*,,,,,,,,*,*****#.#
*,*,,,,,,*,*,**####.#
,,,,*,,,,,,,,,,..##.#
*,***,,,**,*,**#.##.# *,*
*,,,,,,#,* #.##<#
*,***+*,***#.###.##.#####
*,,,,,,,* #............#
***,,,,,** ####.@######.#
**,,,,,,,** *#.h# *.#
*,,,,,,,,,***#...#*** *.#
+,,,,,,,,,+.......,,* *.#
*,,,,,,,,,####...##,* *.#
**,,,,,,,** ##.##*,***.#
**,,,,,** #.,,,,,,,.#
****,,,** ##***,*****
,,,,,,** ********,*


You could see a black bear.

Vanquished Creatures
  A white imp (D:6)
1 creature vanquished.

Notes
Turn   | Place    | Note
-------+----------+-------------------------------------------
     0 | D:5      | Reached skill level 9 in Stealth
     0 | D:5      | MisterFreud the Gnoll Delver began the quest for the Orb.
     0 | D:5      | Reached XP level 1. HP: 23/23 MP: 1/1
     8 | D:6      | Reached XP level 2. HP: 29/29 MP: 2/2
    13 | D:6      | Noticed a black bear
    24 | D:6      | Slain by a black bear

Illustrated notes

Levels and vault maps discovered:
D:5:      layout_loops_ring, minivault_26, uniq_prince_ribbit1, uniq_sigmund,
          uniq_pikel, uniq_crazy_yiuf_cottage
D:6:      layout_loops_corners, nicolae_ossuary_entry_giza

Skill      XL: | |
---------------+-+-----
Stealth        | |  9.5
Fighting       | |  6.4
Short Blades   | |  4.4
Long Blades    | |  0.2
Axes           | |  0.2
Maces & Flails | |  0.2
Polearms       | |  0.2
Staves         | |  0.2
Slings         | |  0.2
Bows           | |  0.2
Crossbows      | |  0.2
Throwing       | |  0.2
Armour         | |  0.2
Dodging        | |  4.4
Shields        | |  0.2
Unarmed Combat | |  0.2
Spellcasting   | |  0.2
Conjurations   | |  0.1
Hexes          | |  0.1
Summonings     | |  0.1
Necromancy     | |  0.1
Translocations | |  0.1
Transmutations | |  0.1
Fire Magic     | |  0.1
Ice Magic      | |  0.1
Air Magic      | |  0.1
Earth Magic    | |  0.1
Poison Magic   | |  0.1
Invocations    | |  0.3
Evocations     | |  0.2

Action                   || total
-------------------------++-------
Melee: Short sword       ||     8
  Use: Scroll            ||     1
       Potion            ||     1
 Stab: Sleeping          ||     1
Armor: Leather armour    ||     1
Dodge: Dodged            ||     9
